 Dungeon Crawl Stone Soup version 0.27-a0-1500-g450c7e4133 (webtiles) character file.

Game seed: 17211902074151676789

204 MrSixtyFour the Magician (level 5, 0/24 HPs)
             Began as a Spriggan Venom Mage on July 7, 2021.
             Slain by a jackal (3 damage)
             ... on level 2 of the Dungeon.
             The game lasted 00:15:14 (3858 turns).

MrSixtyFour the Magician (Spriggan Venom Mage)      Turns: 3858, Time: 00:15:14

Health: 0/24       AC:  4    Str:  4    XL:     5   Next: 52%
Magic:  12/12      EV: 18    Int: 18    God:
Gold:   178        SH:  0    Dex: 15    Spells: 9/12 levels left

rFire    . . .     SeeInvis +   b - +1 short sword (holy)
rCold    . . .     Faith    .   (shield restricted)
rNeg     . . .     Spirit   .   a - +0 robe
rPois    .         Reflect  .   m - +2 hat {SInv}
rElec    .         Harm     .   (no cloak)
rCorr    .         Rampage  .   (gloves unavailable)
Will     .....                  (boots unavailable)
Stlth    +++.......             (no amulet)
HPRegen  0.08/turn              (no ring)
MPRegen  0.13/turn              (no ring)

@: very quick
A: very small, no large weapons, unfitting armour, see invisible, speed 3
a: no special abilities


You were on level 2 of the Dungeon.
You visited 1 branch of the dungeon, and saw 3 of its levels.
You also visited: Sewer.

You collected 178 gold pieces.

Inventory:

Hand Weapons
 b - a +1 short sword of holy wrath (weapon)
Armour
 a - a +0 robe (worn)
 m - a +2 hat of see invisible (worn)
Jewellery
 e - a +4 ring of slaying
Scrolls
 j - a scroll of brand weapon {unknown}
 l - a scroll of identify {unknown}
Potions
 c - a potion of might {unknown}
 h - a potion of degeneration {unknown}
 i - a potion of heal wounds {unknown}
 k - a potion of haste {unknown}


   Skills:
 - Level 0.2 Short Blades
 + Level 3.4 Dodging
 + Level 4.2 Stealth
 + Level 4.3 Spellcasting
 - Level 3.0 Transmutations
 + Level 1.0 Air Magic
 + Level 4.2 Poison Magic


You had 9 spell levels left.
You knew the following spells:

 Your Spells              Type           Power      Damage    Failure   Level
a - Sting                 Tmut/Pois      64%        1d6       3%          1
b - Poisonous Vapours     Pois/Air       26%        N/A       8%          2

Your spell library contained the following spells:

 Spells                   Type           Power      Damage    Failure   Level
 Mephitic Cloud           Conj/Pois/Air  10%        N/A       22%         3
 Olgreb's Toxic Radiance  Pois           18%        N/A       26%         4


Dungeon Overview and Level Annotations

Branches:
Dungeon (3/15)              Sewer (visited)

Altars:
Qazlal


Innate Abilities, Weirdness & Mutations

You are very small and have problems with some larger weapons.
You are too small for most types of armour.
You have supernaturally acute eyesight. (SInv)
You cover ground extremely quickly. (Speed+++)


Message History

Aiming: Sting (safe; 3% risk of failure)
Press: ? - help, Q - select action Shift-Dir - straight line, f - river rat
Aim: a river rat (heavily wounded, 71% to hit)
The sting hits the river rat.
The river rat is poisoned.
The river rat is severely wounded.
You kill the river rat!
Your Air Magic skill increases to level 1!
You start resting.
Magic restored.
You start resting.
HP restored.
Memorise Poisonous Vapours, consuming 2 spell levels and leaving 9?
You start memorising the spell.
You continue memorising. x2
You finish memorising.
Spell assigned to 'b'.
You see here a river rat skeleton.
There is a stone staircase leading down here.
You climb downwards.
The jackal misses you.
The jackal bites you but does no damage.
The orc barely misses you. The jackal bites you. The gnoll barely misses you.
The orc barely misses you. The jackal misses you.
The orc hits you with a +0 flail. The jackal barely misses you.
There is a stone staircase leading up, spattered with blood here.
The jackal barely misses you. The gnoll hits you with a +0 whip.
The orc hits you with a +0 whip. The jackal completely misses you.
The orc closely misses you.
You climb upwards.
There is a stone staircase leading down here.
You closely miss the orc. The jackal barely misses you. The jackal misses you.
The orc closely misses you. The jackal barely misses you.
The jackal bites you but does no damage.
As you read the scroll labelled LYW YGYDYOMA, it crumbles to dust.
You hear a loud clanging noise!
It was a scroll of noise.
The jackal barely misses you. The jackal misses you.
The orc hits you with a +0 flail!
* * * LOW HITPOINT WARNING * * *
As you read the scroll labelled OTOEFU NETATU, it crumbles to dust.
The creatures around you are filled with an inner flame!
It was a scroll of immolation.
The jackal closely misses you. The jackal bites you.
You die...

#.........#######.#
#.######..# #.# #.#....#..#
#.# #### #.#..#.#..# #.#
...# #.#....#..# #.# ...#
#.#.####..# #.# ...#
#.#.......# #.#
...#####.#.#####o#######.#
............รท.oh@hg..)...#
...#####.#.###############
##########(# .........#.#
########.#.# #.#.# #.#.#
#.#.# #.#.#


You could see a gnoll (inner flame), 2 orcs and 2 jackals.

Vanquished Creatures
  Purgy (Sewer)
  A gnoll (D:2)
  An adder (D:3)
  A river rat (D:2)
  3 dart slugs
  2 orcs (D:3)
  7 bats
  9 endoplasms
  4 giant cockroaches
  5 goblins
  2 hobgoblins
  7 jackals (D:1)
  3 quokkas (D:1)
  3 ball pythons
  7 frilled lizards
  8 kobolds
  7 rats
71 creatures vanquished.

Notes
Turn   | Place    | Note
-------+----------+-------------------------------------------
     0 | D:1      | MrSixtyFour the Spriggan Venom Mage began the quest for the
                  | Orb.
     0 | D:1      | Reached XP level 1. HP: 9/9 MP: 5/5
   267 | D:1      | Reached XP level 2. HP: 13/13 MP: 0/6
   801 | D:1      | Reached XP level 3. HP: 16/16 MP: 8/8
  1265 | D:1      | Found Apoim's Antique Armour Shop.
  1457 | D:1      | Found a faded altar of an unknown god.
  2498 | D:2      | Found a stormy altar of Qazlal.
  2970 | D:2      | Reached XP level 4. HP: 21/21 MP: 6/10
  3111 | D:3      | Found a glowing drain.
  3207 | Sewer    | Entered a sewer
  3412 | Sewer    | Noticed Purgy
  3461 | Sewer    | Killed Purgy
  3462 | Sewer    | Reached XP level 5. HP: 20/24 MP: 3/12
  3612 | D:2      | Reached skill level 1 in Air Magic
  3843 | D:2      | Learned a level 2 spell: Poisonous Vapours
  3858 | D:2      | Slain by a jackal

Illustrated notes

Levels and vault maps discovered:
D:1:      dpeg_arrival_snail, layout_rooms, serial_shops,
          nicolae_shop_behind_doors, shapermc_ecumenical_altar_hornbeckon,
          serial_park_tiny_1
D:2:      layout_basic, basic_altar, amethyst_killhole, minmay_box_of_dots
D:3:      layout_basic, portal_sewer_entry_a, minmay_bisected

Skill      XL: |  1  2  3  4  5 |
---------------+----------------+-----
Spellcasting   | 3 4 |  4.3
Transmutations | 2 3 |  3.0
Dodging        | 3 |  3.4
Stealth        | 4 |  4.2
Poison Magic   | 4 |  4.2
Air Magic      | 1 |  1.0
Short Blades   | |  0.2

Action                   |  1- 3 |  4- 6 || total
-------------------------+-------+-------++-------
Melee: Unarmed           |    18 |       ||    18
       Short sword       |    47 |    29 ||    76
 Cast: Sting             |    82 |    34 ||   116
  Use: Scroll            |       |     3 ||     3
 Stab: Sleeping          |     6 |     1 ||     7
       Distracted        |     1 |       ||     1
Armor: Robe              |     6 |    18 ||    24
Dodge: Dodged            |    61 |   102 ||   163

Table legend: (Time is in decaauts)
 A = Elapsed time spent in this place.
 B = Non-inter-level travel time spent in this place.
 C = Inter-level travel time spent in this place.
 D = Time resting spent in this place.
 E = Time spent auto-exploring this place.
 F = Levels seen in this place.
 G = Mean time per level.
                   A        B        C        D        E       F      G
               +--------+--------+--------+--------+--------+-----+--------+
         Total |   3058 |   2970 |     88 |    794 |   1573 |   4 |  764.5 |
       Dungeon |   2716 |   2628 |     88 |    623 |   1492 |   3 |  905.3 |
         Sewer |    341 |    341 |      0 |    171 |     81 |   1 |  341.0 |
               +--------+--------+--------+--------+--------+-----+--------+

Top non-repeatable levels by time:
     D:2: 1324 daAuts
     D:1: 1249 daAuts
   Sewer: 341 daAuts
     D:3: 142 daAuts
